 Dungeon Crawl Stone Soup version 0.28.0-43-g3370ac3207 (webtiles) character file.

Game seed: 8536189414376856477

37 Milton the Chopper (level 3, 0/33 HPs)
             Began as a Minotaur Monk on Mar 6, 2022.
             Slain by a kobold
             ... wielding a +2 dagger of venom
              (3 damage)
             ... on level 1 of the Dungeon.
             The game lasted 00:03:20 (1014 turns).

Milton the Chopper (Minotaur Monk)                  Turns: 1014, Time: 00:03:20

Health: 0/33       AC:  2    Str: 15    XL:     3   Next: 23%
Magic:  2/2        EV: 13    Int:  7    God:
Gold:   48         SH:  0    Dex: 14    Spells: 2/2 levels left

rFire   . . .      SeeInvis .   a - +0 hand axe
rCold   . . .      Faith    .   (no shield)
rNeg    . . .      Spirit   .   b - +0 robe
rPois   .          Reflect  .   (helmet restricted)
rElec   .          Harm     .   (no cloak)
rCorr   .          Rampage  .   (no gloves)
Will    .....                   (no boots)
Stlth   ++........              (no amulet)
HPRegen 0.11/turn               (no ring)
MPRegen 0.08/turn               (no ring)

@: brilliant
A: horns 2, retaliatory headbutt
a: no special abilities


You were on level 1 of the Dungeon.
You visited 1 branch of the dungeon, and saw 2 of its levels.

You collected 48 gold pieces.

Inventory:

Hand Weapons
 a - a +0 hand axe (weapon)
Armour
 b - a +0 robe (worn)


   Skills:
 * Level 4.0 Fighting
 * Level 4.3 Axes
 * Level 0.7 Armour
 * Level 3.6 Dodging
 * Level 1.7 Stealth


You had 2 spell levels left.
You didn't know any spells.
Your spell library was empty.

Dungeon Overview and Level Annotations

Branches:
Dungeon (2/15)

Altars:


Innate Abilities, Weirdness & Mutations

You have a pair of horns on your head.
You reflexively headbutt those who attack you in melee.


Message History

HP restored.
There is a stone staircase leading down here.
You climb downwards.
The frilled lizard barely misses you.
The kobold hits you with a +2 dagger of venom.
You are poisoned.
The hobgoblin misses you. The frilled lizard misses you.
There is a stone staircase leading up here.
You feel very sick.
The kobold hits you with a +2 dagger of venom.
You are more poisoned.
The hobgoblin hits you. The frilled lizard barely misses you.
You climb upwards.
You feel extremely sick.
There is a stone staircase leading down here.
You feel very sick. The kobold closely misses you.
You feel very sick.
It was a potion of brilliance.
You feel clever all of a sudden.
* * * LOW HITPOINT WARNING * * *
You feel sick. The hobgoblin closely misses you.
You closely miss the hobgoblin.
* * * LOW HITPOINT WARNING * * *
You feel sick. The hobgoblin closely misses you.
You hit the hobgoblin. You headbutt the hobgoblin.
You kill the hobgoblin!
You feel sick.
You feel sick.
You feel sick.
You feel sick.
You feel sick.
You feel sick.
You are no longer poisoned.
Sorry, you're not good enough to have a special ability.
Unknown command.
You hit the kobold.
The kobold is moderately wounded.
The frilled lizard unfolds its giant frill.
The kobold hits you with a +2 dagger of venom.
You die...

#. ######### #. ####.......# ##.
#...÷.####.# #.. #.##..# #.# #..
#.#...# #.# #######..
#.#...####.# #........
###.#......#.######### #....####
..............lK@....# #....# #
###.#.####.#########.# #....# #
###.#....#.........#.## #....# #
....####.#.........#..###....####
.....†.)...........+.............
.##.[....#.........##.#[.......).
.##.######.(......†##.#..........
.#....# #.....###...............
.#....# #.....# #...............


You could see a kobold and a frilled lizard.

Vanquished Creatures
  An adder (D:1)
  3 bats (D:1)
  2 endoplasms (D:1)
  3 goblins (D:1)
  6 hobgoblins (D:1)
  4 jackals (D:1)
  A kobold (D:1)
  A quokka (D:1)
  A ball python (D:1)
  A rat (D:1)
23 creatures vanquished.

Notes
Turn   | Place    | Note
-------+----------+-------------------------------------------
     0 | D:1      | Milton the Minotaur Monk began the quest for the Orb.
     0 | D:1      | Reached XP level 1. HP: 19/19 MP: 0/0
   240 | D:1      | Reached XP level 2. HP: 11/27 MP: 1/1
   826 | D:1      | Reached XP level 3. HP: 20/33 MP: 2/2
  1014 | D:1      | Slain by a kobold

Illustrated notes

Levels and vault maps discovered:
D:1:      dpeg_arrival_erosion, layout_basic
D:2:      layout_basic, hellmonk_ecumenical_altar_crossroads,
          uniq_crazy_yiuf_cottage, uniq_robin, uniq_jessica

Skill      XL: |  1  2 |
---------------+-------+-----
Axes           | 4 |  4.3
Fighting       | 4 |  4.0
Armour         | |  0.7
Dodging        | |  3.6
Stealth        | |  1.7

Action                   || total
-------------------------++-------
Melee: Hand axe          ||    33
       Headbutt          ||     3
  Use: Potion            ||     2
       Scroll            ||     1
 Stab: Sleeping          ||     1
Armor: Robe              ||     6
Dodge: Dodged            ||    36
